 Dungeon Crawl Stone Soup version 0.18-a0-1643-gb89d9db (webtiles) character file.

9465 Krapule the Blocker (level 11, -3/102 HPs)
             Began as a Minotaur Fighter on Mar 28, 2016.
             Was a Priest of the Shining One.
             Slain by a death yak simulacrum (18 damage)
             ... in an ice cave.
             The game lasted 00:42:27 (12566 turns).

Krapule the Blocker (Minotaur Fighter)             Turns: 12566, Time: 00:42:28

Health: -3/102     AC: 16    Str: 22    XL:     11   Next: 23%
Magic:  13/13      EV:  9    Int:  5    God:    the Shining One [***...]
Gold:   390        SH: 22    Dex: 12    Spells: 0 memorised, 10 levels left

rFire  . . .     SeeInvis .     a - +1 trident
rCold  + + .     Gourm    .     E - +0 scale mail "Kubut" {rC++}
rNeg   + . .     Faith    .     g - +1 large shield
rPois  .         Spirit   .     (helmet restricted)
rElec  .         Dismiss  .     w - +0 cloak
rCorr  .         Reflect  +     (no gloves)
SustAt +         Harm     .     m - +0 pair of boots
MR     .....                    c - +3 amulet of reflection
Stlth  ..........               n - +4 ring of protection
                                x - ring of sustain attributes

@: glowing, invisible (but backlit and visible), not resistant to hostile
enchantments, extremely unstealthy
A: retaliatory headbutt, horns 2
a: Divine Shield, Renounce Religion


You were in an ice cave.
You worshipped the Shining One.
The Shining One was most pleased with you.
You were not hungry.

You visited 2 branches of the dungeon, and saw 12 of its levels.
You also visited: Sewer and Ice Cave.

You collected 606 gold pieces.
You spent 216 gold pieces at shops.

Inventory:

Hand Weapons
 a - a +1 trident (weapon)
Armour
 g - a +1 large shield (worn)
 m - a +0 pair of boots (worn)
 w - a +0 cloak (worn)
 E - the +0 scale mail "Kubut" (worn) {rC++}
   (You bought it in a shop on level 6 of the Dungeon)

   It greatly protects you from cold.
Rods
 N - a +0 rod of shadows (10/10)
   (You found it on level 11 of the Dungeon)
Jewellery
 c - a +3 amulet of reflection (around neck)
 e - an uncursed ring of stealth
 n - a +4 ring of protection (right hand)
 x - a ring of sustain attributes (left hand)
 A - an uncursed ring of positive energy
 C - a cursed -3 ring of strength
 I - an uncursed ring of poison resistance {unknown}
Wands
 b - a wand of disintegration (13/24)
 q - a wand of random effects (29/48)
 t - a wand of digging (12/24)
Scrolls
 h - 6 scrolls of remove curse
 i - 9 scrolls of identify
 j - 4 scrolls of teleportation
 l - 4 scrolls of amnesia
 y - 3 scrolls of fog
Potions
 d - a potion of might
 k - 4 potions of heal wounds
 o - 6 potions of curing
 r - a potion of resistance {unknown}
 v - 3 potions of lignification {unknown}
 z - 3 potions of flight {unknown}
 B - a potion of brilliance {unknown}
 H - a potion of berserk rage {unknown}
 K - a potion of mutation {unknown}
Books
 u - a Necronomicon

   Spells                             Type                      Level
   a - Haunt                          Necromancy/Summoning         7
   b - Borgnjor's Revivification      Necromancy                   8
   c - Death's Door                   Charms/Necromancy            8
   d - Necromutation                  Transmutation/Necromancy     8
   The Shining One disapproves of the use of such an item.
 D - a book of Enchantments

   Spells                             Type                      Level
   a - Cause Fear                     Hexes                        4
   b - Yara's Violent Unravelling     Hexes/Transmutation          5
   c - Silence                        Hexes/Air                    5
   d - Deflect Missiles               Charms/Air                   6
   e - Haste                          Charms                       6
   f - Discord                        Hexes                        8
 F - a book of the Sky

   Spells                             Type                      Level
   a - Summon Lightning Spire         Summoning/Air                4
   b - Airstrike                      Air                          4
   c - Silence                        Hexes/Air                    5
   d - Deflect Missiles               Charms/Air                   6
   e - Conjure Ball Lightning         Conjuration/Air              6
   f - Tornado                        Air                          9
 L - an Akashic Record

   Spells                             Type                      Level
   a - Dispersal                      Translocation                6
   b - Malign Gateway                 Summoning/Translocation      7
   c - Disjunction                    Translocation                8
   d - Controlled Blink               Translocation                8
Comestibles
 f - 5 bread rations
 s - 8 beef jerkies
 G - 10 royal jellies
 J - 3 fruits
 M - a chunk of flesh


   Skills:
 + Level 11.0 Fighting
 - Level 6.0 Polearms
 + Level 11.4 Armour
 - Level 4.0 Dodging
 + Level 11.4 Shields
 + Level 5.0 Invocations


You had 10 spell levels left.
You didn't know any spells.

Dungeon Overview and Level Annotations

Branches:
Dungeon (11/15)            Temple (1/1) D:7            Lair (0/8) D:11
    Orc (0/2) D:10

Altars:
Ashenzari
Cheibriados
Dithmenos
Elyvilon
Fedhas
Gozag
Kikubaaqudgha
Makhleb
Nemelex Xobeh
Okawaru
Pakellas
Qazlal
Ru
Sif Muna
Trog
Vehumet
Xom
Yredelemnul
Zin
The Shining One

Shops:
D:6 [

Annotations:
D:8 Prince Ribbit
D:10 2 runed doors


Innate Abilities, Weirdness & Mutations

You reflexively headbutt those who attack you in melee.
You have a pair of horns on your head.


Message History

The polar bear simulacrum claws you but does no damage.
You block the polar bear simulacrum's attack.
The death yak simulacrum barely misses you.
You block the polar bear simulacrum's attack.
The polar bear simulacrum claws you but does no damage. x2
Drink which item? (? for menu, Esc to quit)
It was a potion of curing.
You feel better.
You block the death yak simulacrum's attack.
Drink which item? (? for menu, Esc to quit)
It was a potion of invisibility.
You become transparent, but the glow from your halo prevents you from becoming completely invisible.
You block the polar bear simulacrum's attack. x3
The death yak simulacrum gores you!
* * * LOW HITPOINT WARNING * * *
The death yak simulacrum freezes you. You resist.
* * * LOW HITPOINT WARNING * * *
You block the polar bear simulacrum's attack.
The polar bear simulacrum claws you but does no damage. x2
The death yak simulacrum gores you!!
You die...

#####
##...##
##Z.∩..##
#@Z.....#
#ZZ.∩...#
##.....##
##...##
#...#
...##
#...#
##...
##..


You could see 2 death yak simulacra and 2 polar bear simulacra.

Vanquished Creatures
  A hydra (D:11)
  2 hill giants
  2 trolls
  2 two-headed ogres
  A vampire (D:10)
  A wyvern (D:9)
  4 yaks (D:6)
  A steam dragon (D:8)
  2 hippogriffs
  2 hungry ghosts
  Menkaure (D:4)
  3 soldier ants
  A water moccasin (D:7)
  An orc warrior (D:7)
  2 black bears
  3 sky beasts
  2 phantoms
  A centaur (D:6)
  5 ogres
  2 crocodiles (D:9)
  2 big kobolds
  9 giant frogs
  2 wyvern skeletons
  5 scorpions
  2 electric eels (D:9)
  9 wights
  A howler monkey (D:8)
  A centaur zombie (D:5)
  6 crimson imps
  A giant frog zombie (D:6)
  5 jellies
  3 quasits
  4 centaur skeletons
  9 orc priests
  8 orc wizards
  7 giant frog skeletons
  4 iguanas
  10 worker ants
  A statue (D:4)
  A hound zombie (D:7)
  A hound skeleton (D:7)
  11 adders
  3 river rats (Sewer)
  2 shadow imps
  3 oozes
  2 adder zombies (D:6)
  4 worms
  A dart slug (D:2)
  5 giant geckos
  67 orcs
  8 giant cockroaches
  9 goblins
  12 hobgoblins
  12 jackals
  13 kobolds
  A quokka (D:3)
  4 ball pythons
  5 bats
  A giant cockroach zombie (D:5)
  2 giant gecko skeletons
  6 giant newts
  3 quokka skeletons
  2 quokka zombies (D:5)
  13 rats
  A spectral orc (D:3)
320 creatures vanquished.

Vanquished Creatures (others)
  A lightning spire (D:3)
  An orc (D:10)
  A bush (D:3)
  A withered plant (D:6)
4 creatures vanquished.

Grand Total: 324 creatures vanquished

Notes
Turn   | Place    | Note
--------------------------------------------------------------
     0 | D:1      | Krapule the Minotaur Fighter began the quest for the Orb.
     0 | D:1      | Reached XP level 1. HP: 19/19 MP: 0/0
   270 | D:1      | Reached XP level 2. HP: 27/27 MP: 1/1
   439 | D:1      | Reached skill level 1 in Dodging
   763 | D:2      | Reached XP level 3. HP: 33/33 MP: 2/2
  1626 | D:2      | Reached XP level 4. HP: 40/40 MP: 3/3
  1738 | D:2      | Found an ancient bone altar of Kikubaaqudgha.
  2173 | D:3      | Found an oddly glowing altar of Pakellas.
  2174 | D:3      | Noticed a deep elf annihilator
  2249 | D:3      | Found a basalt altar of Yredelemnul.
  2587 | D:3      | Reached XP level 5. HP: 40/47 MP: 4/4
  3021 | D:4      | Noticed an ogre
  3072 | D:4      | Found a bloodstained altar of Trog.
  3091 | D:4      | Reached skill level 5 in Fighting
  3102 | D:4      | Reached skill level 5 in Shields
  3243 | D:4      | Noticed an ogre
  3257 | D:4      | Killed an ogre
  3257 | D:4      | Reached skill level 5 in Armour
  3257 | D:4      | Reached XP level 6. HP: 11/56 MP: 5/5
  3693 | D:4      | Reached XP level 7. HP: 32/62 MP: 6/6
  3932 | D:4      | Found a shimmering altar of Xom.
  4315 | D:4      | Found a radiant altar of Vehumet.
  4391 | D:4      | Found a shadowy altar of Dithmenos.
  4392 | D:4      | Found a sacrificial altar of Ru.
  4439 | D:4      | Noticed Menkaure
  4663 | D:4      | Killed Menkaure
  4663 | D:4      | Reached XP level 8. HP: 33/71 MP: 7/7
  4883 | D:5      | Entered Level 5 of the Dungeon
  6036 | D:6      | Found a glowing drain.
  6041 | Sewer    | Entered a sewer
  6228 | Sewer    | Found a white marble altar of Elyvilon.
  6841 | D:6      | Reached XP level 9. HP: 74/82 MP: 8/8
  7260 | D:6      | Found a blossoming altar of Fedhas.
  7313 | D:6      | Reached skill level 5 in Polearms
  7358 | D:6      | Found Cetzif's Antique Armour Emporium.
  7367 | D:6      | Bought a bloodstained scale mail for 216 gold pieces
  7377 | D:6      | Identified the +0 scale mail "Kubut" {rC++} (You bought it in a shop on level 6 of the Dungeon)
  8038 | D:7      | Found a staircase to the Ecumenical Temple.
  8072 | Temple   | Entered the Ecumenical Temple
  8104 | Temple   | Became a worshipper of the Shining One
  8792 | D:8      | Reached skill level 1 in Invocations
  8814 | D:8      | Reached XP level 10. HP: 67/91 MP: 8/10
  8939 | D:8      | Found an iron altar of Okawaru.
  9020 | D:8      | Reached * piety under the Shining One
  9036 | D:8      | Reached skill level 10 in Shields
  9064 | D:8      | Noticed Prince Ribbit
  9287 | D:8      | Reached skill level 10 in Armour
  9865 | D:9      | Reached skill level 10 in Fighting
 11086 | D:10     | Entered Level 10 of the Dungeon
 11452 | D:10     | Found a runed door.
 11499 | D:10     | Found a runed door.
 11752 | D:10     | Found a staircase to the Orcish Mines.
 11838 | D:10     | Reached ** piety under the Shining One
 12094 | D:11     | Noticed a hill giant
 12103 | D:10     | Killed a hill giant
 12210 | D:10     | Reached XP level 11. HP: 101/101 MP: 13/13
 12355 | D:11     | Noticed a hill giant
 12371 | D:11     | Killed a hill giant
 12499 | D:11     | Found a frozen archway.
 12499 | D:11     | Noticed a four-headed hydra
 12525 | D:11     | Killed a four-headed hydra
 12525 | D:11     | Reached skill level 5 in Invocations
 12551 | IceCv    | Entered an ice cave
 12551 | IceCv    | Reached *** piety under the Shining One
 12566 | IceCv    | Slain by a death yak simulacrum

Vault maps used:
D:1:      matt_arrival_los_fun, minmay_strange_pillars
D:2:      nicolae_overflow_crystal_walls
D:3:      yredelemnul_forgotten_temple_becter, corexii_hall_statues_t,
          gammafunk_pakellas_spire_experiment
D:4:      bloody_trog, vehumet_statue, gammafunk_temple_overflow_statue,
          first_bread, led_xom_imps, uniq_menkaure
D:5:      serial_park_tiny_1
D:6:      old_standard_altar, portal_sewer_entry_e, serial_shops, shop,
          serial_undead, serial_undead_e, serial_undead_d, serial_undead_e,
          serial_undead_f, minmay_holes
D:7:      minmay_temple_entry_trees
D:8:      serial_glass, glass_columns_b, glass_columns_c,
          hangedman_pestilent_swarm, okawaru_ov_weapons_minmay,
          uniq_prince_ribbit1
D:9:      enter_bailey_2
D:10:     lemuel_troll_bridge, hiddenorc2_lemuel
D:11:     erik_lair_dragon, serial_shops, shop, portal_ice_cave_entry_pillars_02
Temple:   circular_temple_12
Sewer:    sewer_kobolds
IceCv:    ice_cave_small_necro

Skill      XL: |  1  2  3  4  5  6  7  8  9 10 11 |
---------------+----------------------------------+-----
Dodging        | 1 2 3 4 |  4.0
Fighting       | 4 5 6 8 9 10 11 | 11.0
Shields        | 4 5 6 8 9 11 | 11.4
Armour         | 4 5 6 8 9 11 | 11.4
Polearms       | 3 6 |  6.0
Invocations    | 1 4 5 |  5.0

Action                   |  1- 3 |  4- 6 |  7- 9 | 10-12 || total
-------------------------+-------+-------+-------+-------++-------
Melee: Trident           |   134 |   175 |   567 |   442 ||  1318
Evoke: Wand              |       |       |       |     2 ||     2
  Use: Scroll            |       |     4 |     1 |     5 ||    10
       Potion            |       |       |       |     3 ||     3
 Stab: Sleeping          |       |     2 |     6 |       ||     8
  Eat: Chunk             |     2 |     7 |    14 |    15 ||    38
       Pizza             |       |       |     2 |     1 ||     3
